 Dungeon Crawl Stone Soup version 0.28-a0-1447-ga5a8893891 (webtiles) character file.

Game seed: 3808088614624286876

969 leviel the Cleaver (level 8, -10/74 HPs)
             Began as a Hill Orc Fighter on Jan 11, 2022.
             Mangled by an ogre (29 damage)
             ... on level 5 of the Dungeon.
             The game lasted 00:10:52 (5984 turns).

leviel the Cleaver (Hill Orc Fighter)               Turns: 5984, Time: 00:10:52

Health: -10/74     AC: 15    Str: 19    XL:     8   Next: 16%
Magic:  8/8        EV: 10    Int: 10    God:
Gold:   295        SH:  4    Dex: 10    Spells: 7/7 levels left

rFire   . . .      SeeInvis .   a - +0 war axe
rCold   . . .      Faith    .   c - +0 buckler
rNeg    . . .      Spirit   .   o - +4 ring mail
rPois   .          Reflect  .   u - +0 helmet
rElec   .          Harm     .   l - +0 cloak
rCorr   +          Rampage  .   (no gloves)
Will    .....                   q - +0 pair of boots
Stlth   ..........              (no amulet)
HPRegen 0.22/turn               n - ring of resist corrosion
MPRegen 0.11/turn               (no ring)

@: no status effects
A: iridescent scales 1, robust 1, wild magic 1
a: no special abilities


You were on level 5 of the Dungeon.
You visited 1 branch of the dungeon, and saw 6 of its levels.

You collected 295 gold pieces.

Inventory:

Hand Weapons
 a - a +0 war axe (weapon)
 g - a +6 dagger
 j - a +2 dagger of venom
Armour
 c - a +0 buckler (worn)
 l - a +0 cloak (worn)
 o - a +4 ring mail (worn)
 q - a +0 pair of boots (worn)
 u - a +0 helmet (worn)
Jewellery
 n - a ring of resist corrosion (left hand)
 v - a ring of see invisible
Wands
 d - a wand of iceblast (14)
Scrolls
 b - 3 scrolls of silence {unknown}
 f - 4 scrolls of identify {@r1}
 h - a scroll of acquirement {unknown}
 i - 2 scrolls of immolation {unknown}
 k - 2 scrolls of teleportation {unknown}
 m - 3 scrolls of magic mapping {unknown}
 p - a scroll of enchant weapon {unknown}
 x - a scroll of noise {unknown}
Potions
 e - a potion of mutation
 s - 2 potions of degeneration
 t - a potion of cancellation
 w - a potion of brilliance {unknown}


   Skills:
 - Level 5.0 Fighting
 + Level 10.2 Axes
 - Level 4.5 Armour
 - Level 4.6 Shields


You had 7 spell levels left.
You didn't know any spells.
Your spell library contained the following spells:

 Spells                   Type           Power      Damage    Failure   Level
 Shock                    Conj/Air       0%         1d3       71%         1
 Swiftness                Air            0%         N/A       96%         3
 Airstrike                Air            0%         N/A       100%        4


Dungeon Overview and Level Annotations

Branches:
Dungeon (6/15)
 Temple: D:4-7

Altars:


Innate Abilities, Weirdness & Mutations

You are partially covered in iridescent scales. (AC +2)
You are robust. (+10% HP)
Your spells are a little harder to cast, but a little more powerful.


Message History

There is a stone staircase leading down here.
You hit the ogre.
The ogre is lightly wounded.
You slash the water moccasin!
You feel sick.
The water moccasin bites you but does no damage.
The water moccasin bites you.
You are more poisoned.
The water moccasin poisons you! The ogre closely misses you.
You feel very sick. The water moccasin bites you.
* * * LOW HITPOINT WARNING * * *
You feel very sick.
The water moccasin bites you but does no damage. x2
You feel sick.
You feel sick.
You feel sick. The water moccasin closely misses you.
It was a potion of curing.
You feel better. The water moccasin bites you.
* * * LOW HITPOINT WARNING * * *
You are poisoned.
The water moccasin poisons you!
You feel sick.
You feel sick. The water moccasin misses you.
You feel better.
The water moccasin bites you but does no damage.
The water moccasin barely misses you. The water moccasin bites you.
* * * LOW HITPOINT WARNING * * *
As you read the scroll labelled FIXKOCESECY, it crumbles to dust.
It is a scroll of identify.
s - 2 potions of degeneration The water moccasin bites you but does no damage.
The water moccasin bites you.
* * * LOW HITPOINT WARNING * * *
You are lethally poisoned!
The water moccasin poisons you!
* * * LOW HITPOINT WARNING * * *
You feel very sick.
You feel better. The water moccasin closely misses you.
The ogre hits you with a +0 giant spiked club!!
You die...

.....#
##.......####..######
....##
##.........##..##
...##
##...........#.## ###
...####....(........##
####..
.##.##..............#
###.....
###.#...............##
###....... #
##.................#
#.........
##..................#
#.........
#..............@....#
##........
##.......(.....OS....#
#........
#..................###
#........
#...............####
#........
##............###
##.......
###.......#..##
##......
..<.######..## ##.....
##### ##..# ###... #
####.###### ####


You could see a water moccasin and an ogre.

Vanquished Creatures
  Grinder (D:5)
  A black bear (D:5)
  An ogre (D:5)
  A scorpion (D:3)
  A water moccasin skeleton (D:4)
  A centaur zombie (D:5)
  3 hounds (D:4)
  2 orc priests (D:4)
  A jelly (D:5)
  An iguana (D:4)
  3 orc wizards (D:4)
  A howler monkey zombie (D:3)
  Robin (D:3)
  3 gnolls (D:3)
  3 adders
  2 white imps (D:5)
  A worm (D:2)
  3 dart slugs
  8 orcs
  4 endoplasms
  16 goblins
  10 hobgoblins
  3 jackals (D:2)
  6 kobolds
  6 quokkas
  5 ball pythons
  5 bats
  2 frilled lizards (D:2)
  3 rats
98 creatures vanquished.

Vanquished Creatures (others)
  An orc wizard (D:4)
1 creature vanquished.

Grand Total: 99 creatures vanquished

Notes
Turn   | Place    | Note
-------+----------+-------------------------------------------
     0 | D:1      | leviel the Hill Orc Fighter began the quest for the Orb.
     0 | D:1      | Reached XP level 1. HP: 19/19 MP: 1/1
   499 | D:1      | Reached skill level 3 in Axes
   499 | D:1      | Reached XP level 2. HP: 23/27 MP: 2/2
   548 | D:1      | Found a faded altar of an unknown god.
  1207 | D:2      | Reached XP level 3. HP: 10/33 MP: 3/3
  2105 | D:3      | Noticed a scorpion
  2112 | D:3      | Killed a scorpion
  2113 | D:3      | Reached XP level 4. HP: 30/41 MP: 4/4
  2262 | D:3      | Reached skill level 4 in Axes
  2265 | D:3      | Reached XP level 5. HP: 30/47 MP: 5/5
  2674 | D:3      | Noticed Robin
  2683 | D:3      | Killed Robin
  3218 | D:4      | Reached skill level 5 in Fighting
  3235 | D:4      | Reached XP level 6. HP: 22/56 MP: 6/6
  3546 | D:4      | Reached skill level 5 in Axes
  3561 | D:4      | Gained mutation: Armour fits poorly on your strangely
                  | shaped body. [potion of mutation]
  3561 | D:4      | Gained mutation: You are frail. (-10% HP) [potion of
                  | mutation]
  3561 | D:4      | Gained mutation: Your flesh is cold resistant. (rC+)
                  | [potion of mutation]
  3561 | D:4      | Gained mutation: You are somewhat resistant to further
                  | mutation. [potion of mutation]
  3960 | D:4      | Lost mutation: Your flesh is cold resistant. (rC+) [potion
                  | of mutation]
  3960 | D:4      | Lost mutation: You are somewhat resistant to further
                  | mutation. [potion of mutation]
  3960 | D:4      | Lost mutation: You are frail. (-10% HP) [potion of
                  | mutation]
  3960 | D:4      | Gained mutation: You are robust. (+10% HP) [potion of
                  | mutation]
  3960 | D:4      | Gained mutation: You are partially covered in iridescent
                  | scales. (AC +2) [potion of mutation]
  3960 | D:4      | Lost mutation: Armour fits poorly on your strangely shaped
                  | body. [potion of mutation]
  3960 | D:4      | Gained mutation: Your spells are a little harder to cast,
                  | but a little more powerful. [potion of mutation]
  4059 | D:4      | Reached skill level 6 in Axes
  4620 | D:4      | Reached XP level 7. HP: 67/67 MP: 7/7
  4671 | D:4      | Reached skill level 7 in Axes
  5000 | D:5      | Entered Level 5 of the Dungeon
  5026 | D:5      | Reached skill level 8 in Axes
  5190 | D:5      | Reached skill level 9 in Axes
  5228 | D:5      | Noticed Grinder
  5239 | D:5      | Killed Grinder
  5240 | D:5      | Reached skill level 10 in Axes
  5240 | D:5      | Reached XP level 8. HP: 57/74 MP: 8/8
  5984 | D:5      | Mangled by an ogre

Illustrated notes

Levels and vault maps discovered:
D:1:      lemuel_arrival_rhombus, layout_loops_ring,
          nicolae_ecumenical_lake_church
D:2:      layout_basic
D:3:      layout_basic, chequers_serial_rivers_marsh, uniq_robin
D:4:      layout_gridville
D:5:      layout_cave_pods, minmay_misc_feat_cross, uniq_grinder
D:6:      layout_basic, mainiacjoe_overflow_catwalk

Skill      XL: |  1  2  3  4  5  6  7 |
---------------+----------------------+-----
Axes           | 3 4 6 10 | 10.2
Fighting       | 4 5 |  5.0
Armour         | 4 |  4.5
Shields        | 4 |  4.6

Action                   |  1- 3 |  4- 6 |  7- 9 || total
-------------------------+-------+-------+-------++-------
Melee: War axe           |    68 |   161 |    75 ||   304
       Dagger            |    25 |       |       ||    25
  Use: Potion            |     1 |     4 |     3 ||     8
       Scroll            |       |       |     1 ||     1
Armor: Scale mail        |    58 |    24 |       ||    82
       Ring mail         |       |    62 |    66 ||   128
       Skin              |       |     9 |       ||     9
Dodge: Dodged            |    43 |    75 |    33 ||   151
Block: Buckler           |    21 |    41 |    17 ||    79

Table legend: (Time is in decaauts)
 A = Elapsed time spent in this place.
 B = Non-inter-level travel time spent in this place.
 C = Inter-level travel time spent in this place.
 D = Time resting spent in this place.
 E = Time spent auto-exploring this place.
 F = Levels seen in this place.
 G = Mean time per level.
                   A        B        C        D        E       F      G
               +--------+--------+--------+--------+--------+-----+--------+
         Total |   6072 |   5846 |    226 |    679 |   4320 |   6 | 1012.0 |
       Dungeon |   6072 |   5846 |    226 |    679 |   4320 |   6 | 1012.0 |
               +--------+--------+--------+--------+--------+-----+--------+

Top non-repeatable levels by time:
     D:4: 1804 daAuts
     D:2: 1204 daAuts
     D:3: 1192 daAuts
     D:5: 972 daAuts
     D:1: 882 daAuts
     D:6: 16 daAuts
